 Dungeon Crawl Stone Soup version 0.24.0-7-gb3623d2c88 (webtiles) character file.

Game seed: 17832793128780843591, levelgen mode: deterministic

65 Gumption the Conjurer (level 4, -5/24 HPs)
             Began as a Tengu Conjurer on Nov 2, 2019.
             Slain by Terence
             ... wielding a +5 short sword of venom
              (9 damage)
             ... on level 1 of the Dungeon.
             The game lasted 00:24:23 (2193 turns).

Gumption the Conjurer (Tengu Conjurer)              Turns: 2193, Time: 00:24:24

Health: -5/24      AC:  2    Str:  8    XL:     4   Next: 14%
Magic:  0/9        EV: 13    Int: 16    God:
Gold:   64         SH:  0    Dex: 15    Spells: 2/8 levels left

rFire    . . .     SeeInvis .   a - +0 dagger
rCold    . . .     Gourm    .   (no shield)
rNeg     . . .     Faith    .   b - +0 robe
rPois    .         Spirit   .   (helmet restricted)
rElec    .         Reflect  .   (no cloak)
rCorr    .         Harm     .   (no gloves)
MR       .....                  (boots unavailable)
Stlth    ++........             (no amulet)
HPRegen  0.08/turn              (no ring)
MPRegen  0.11/turn              (no ring)

@: lethally poisoned (-5 -> -25)
A: beak, talons 3
a: no special abilities


You were on level 1 of the Dungeon.
You were not hungry.

You visited 1 branch of the dungeon, and saw 2 of its levels.

You collected 64 gold pieces.

Inventory:

Hand Weapons
 a - a +0 dagger (weapon)
Missiles
 d - 11 stones (quivered)
Armour
 b - a +0 robe (worn)
Jewellery
 n - a cursed ring of attention {unknown}
Scrolls
 f - 2 scrolls of remove curse {unknown}
 i - 2 scrolls of fog {unknown}
 k - a scroll of fear {unknown}
 l - a scroll of teleportation {unknown}
Potions
 c - a potion of flight {unknown}
 g - a potion of cancellation
 j - a potion of berserk rage {unknown}
 m - 2 potions of resistance {unknown}
 o - a potion of heal wounds {unknown}
 p - a potion of degeneration {unknown}
Comestibles
 e - 4 rations


   Skills:
 - Level 2.1 Dodging
 - Level 2.0 Stealth
 + Level 2.7 Spellcasting
 * Level 6.8 Conjurations


You had 2 spell levels left.
You knew the following spells:

 Your Spells              Type           Power        Failure   Level  Hunger
a - Magic Dart            Conj           ###.         1%          1    #......
b - Searing Ray           Conj           ###...       1%          2    ##.....
c - Dazzling Spray        Conj/Hex       ##....       14%         3    ###....

Your spell library contained the following spells:

 Spells                   Type           Power        Failure   Level  Hunger
 Iskenderun's Mystic Bla  Conj           ###.....     12%         4    #####..
 Force Lance              Conj/Tloc      ##......     43%         4    #####..
 Fulminant Prism          Conj/Hex       ##........   43%         4    #####..


Dungeon Overview and Level Annotations

Branches:
Dungeon (2/15)

Altars:

Annotations:
D:1 Terence


Innate Abilities, Weirdness & Mutations

You have a beak for a mouth.
You have claws for feet.


Message History

The searing ray misses Terence. (Press . to maintain the ray.) Terence hits you with a +5 short sword of venom.
The searing ray misses Terence.
Terence hits you with a +5 short sword of venom.
The searing ray hits Terence.
Terence is heavily wounded.
Terence hits you with a +5 short sword of venom!
You are lethally poisoned!
The searing ray hits Terence.
Terence is severely wounded.
You finish channeling your searing ray.
You feel sick.
Terence hits you with a +5 short sword of venom.
* * * LOW HITPOINT WARNING * * *
You are more poisoned.
It was a potion of cancellation.
You feel magically purged.
* * * LOW HITPOINT WARNING * * *
You feel sick.
Terence hits you with a +5 short sword of venom!
You die...

########### #.........#
##.#######.#
.....#####.########
..)...........>@@.#
.#.#.#.######.###.#
.#.#.#.####...# #.#
.#.#.#...##.### #.#####
.#...#.#.##.# #.....#
######.#.##.#########.#
....##.#.##.........#.#
###.##.#.....#......#.#
#.##.#.....#.######.#


You could see Terence.

Vanquished Creatures
  An adder (D:2)
  An ooze (D:1)
  A dart slug (D:1)
  2 leopard geckos (D:1)
  10 bats
  2 giant cockroaches
  9 goblins
  6 hobgoblins
  6 kobolds
  A quokka (D:2)
  2 frilled lizards
  5 rats
46 creatures vanquished.

Notes
Turn   | Place    | Note
-------+----------+-------------------------------------------
     0 | D:1      | Gumption the Tengu Conjurer began the quest for the Orb.
     0 | D:1      | Reached XP level 1. HP: 10/10 MP: 4/4
   306 | D:1      | Reached XP level 2. HP: 15/15 MP: 1/6
   694 | D:1      | Reached skill level 6 in Conjurations
   784 | D:1      | Learned a level 2 spell: Searing Ray
   869 | D:1      | Reached XP level 3. HP: 18/19 MP: 0/7
  1019 | D:1      | Learned a level 3 spell: Dazzling Spray
  1921 | D:2      | Reached XP level 4. HP: 24/24 MP: 4/9
  2117 | D:2      | Noticed Terence
  2193 | D:1      | Slain by Terence

Levels and vault maps discovered:
D:1:      minmay_arrival_cross, layout_basic
D:2:      cheibrodos_old_hovel, layout_rooms, chequers_ecumenical_altar_island,
          uniq_terence

Skill      XL: |  1  2 |
---------------+-------+-----
Conjurations   | 6 |  6.8
Dodging        | |  2.1
Stealth        | |  2.0
Spellcasting   | |  2.7

Action                   |  1- 3 |  4- 6 || total
-------------------------+-------+-------++-------
Melee: Dagger            |       |     1 ||     1
       Kick              |       |     1 ||     1
 Cast: Magic Dart        |    73 |     9 ||    82
       Searing Ray       |     3 |     3 ||     6
  Use: Potion            |       |     1 ||     1
  Eat: Chunk             |     4 |     1 ||     5
Armor: Robe              |     4 |     1 ||     5
Dodge: Dodged            |     9 |     5 ||    14
